 Dungeon Crawl Stone Soup version 0.27-a0-1301-g128193abf8 (webtiles) character file.

Game seed: 12581046638519983220

11 Froggeryz the Sneak (level 2, 0/26 HPs)
             Began as a Ghoul Delver on June 17, 2021.
             Slain by Pikel (1 damage)
             ... on level 4 of the Dungeon.
             The game lasted 00:00:46 (232 turns).

Froggeryz the Sneak (Ghoul Delver)                   Turns: 232, Time: 00:00:46

Health: 0/26       AC:  3    Str: 15    XL:     2   Next: 29%
Magic:  1/1        EV: 11    Int:  5    God:
Gold:   0          SH:  0    Dex: 10    Spells: 1/1 levels left

rFire    . . .     SeeInvis .   a - +0 mace
rCold    + . .     Faith    .   (no shield)
rNeg     + + +     Spirit   .   b - +0 leather armour
rPois    ∞         Reflect  .   (no helmet)
rElec    .         Harm     .   (no cloak)
rCorr    .         Rampage  .   (no gloves)
Will     .....                  (no boots)
Stlth    +++.......             (no amulet)
HPRegen  0.00/turn              (no ring)
MPRegen  0.07/turn              (no ring)

@: hasted, very quick
A: claws 1, cold resistance 1, negative energy resistance 3, inhibited
regeneration, torment resistance 2
a: no special abilities


You were on level 4 of the Dungeon.
You visited 1 branch of the dungeon, and saw 2 of its levels.

Inventory:

Hand Weapons
 a - a +0 mace (weapon)
Armour
 b - a +0 leather armour (worn)
Wands
 g - a wand of digging (3)
Scrolls
 c - a scroll of fog
 d - a scroll of magic mapping
 e - a scroll of fear


   Skills:
 - Level 3.2 Fighting
 * Level 2.3 Maces & Flails
 + Level 0.8 Armour
 - Level 1.7 Dodging
 - Level 5.4 Stealth


You had one spell level left.
You didn't know any spells.
Your spell library was empty.

Dungeon Overview and Level Annotations

Branches:
Dungeon (5/15)
 Temple: D:4-7

Altars:

Annotations:
D:4 Eustachio, Pikel


Innate Abilities, Weirdness & Mutations

You thrive by killing the living.
You are immune to poison.
You have sharp fingernails.
Your flesh is cold resistant. (rC+)
You are immune to negative energy. (rN+++)
You do not regenerate when monsters are visible.
You are immune to unholy pain and torment.


Message History

You sock the adder!
You kill the adder!
You feel better.
Your Maces & Flails skill increases to level 2!
You have reached level 2!
You start resting.
HP restored.
Found a short sword.
You open the door.
Found a long sword.
There is an open door here.
Found a war axe.
You open the door. 4 lemures and Pikel come into view.
Pikel is wielding a +0 whip of freezing.
Found a leather armour.
There is an open door here.
The lemure shouts! x2; Pikel shouts!
The lemure shouts!
Pikel hits you with a +0 whip of freezing.
Pikel freezes you.
The teleport trap disappears.
Pikel disappears!
You see here a +0 war axe.
You open the door.
There is an open door here.
You feel yourself speed up. The lemure hits you. The lemure hits you.
The lemure hits you. The lemure closely misses you.
The lemure closely misses you. The lemure hits you but does no damage.
The lemure hits you.
* * * LOW HITPOINT WARNING * * *
The lemure barely misses you.
Pikel says, "You'll make a fine lemure."
There is an open door here.
Pikel hits you with a +0 whip of freezing.
* * * LOW HITPOINT WARNING * * *
Pikel freezes you.
You die...

###################
#..................
#........).5.......
#.....)............
###########....####..######
#......5###....####..##..##
##.....5.'.K.........#.....
#....55.#@..........'.....
##.......#...........#.)...
#........####..###...##...#
##################...######
#........#..........+
#........#..........#
#........#..........#
#........#..........#
#........#..........#


You could see Pikel and 2 lemures.

Vanquished Creatures
  An adder (D:4)
  An endoplasm (D:4)
  A goblin (D:4)
3 creatures vanquished.

Notes
Turn   | Place    | Note
-------+----------+-------------------------------------------
     0 | D:5      | Froggeryz the Ghoul Delver began the quest for the Orb.
     0 | D:5      | Reached XP level 1. HP: 19/19 MP: 0/0
    54 | D:4      | Noticed Eustachio
    75 | D:4      | Noticed a scorpion
   118 | D:4      | Reached XP level 2. HP: 21/26 MP: 1/1
   187 | D:4      | Noticed Pikel
   187 | D:4      | Noticed a lemure
   187 | D:4      | Noticed a lemure
   187 | D:4      | Noticed a lemure
   187 | D:4      | Noticed a lemure
   232 | D:4      | HP: 1/26 [Pikel (4)]
   232 | D:4      | Slain by Pikel

Illustrated notes

Levels and vault maps discovered:
D:4:      layout_gridville, uniq_eustachio, uniq_pikel
D:5:      layout_loops_ring, kennysheep_mini_moat, kennysheep_little_box,
          overflow_temple_1_default

Skill      XL: |  1 |
---------------+----+-----
Maces & Flails | 2 |  2.3
Fighting       | |  3.2
Armour         | |  0.8
Dodging        | |  1.7
Stealth        | |  5.4

Action                   || total
-------------------------++-------
Melee: Mace              ||     6
  Use: Potion            ||     1
 Stab: Sleeping          ||     1
Armor: Leather armour    ||     2
Dodge: Dodged            ||     5

Table legend: (Time is in decaauts)
 A = Elapsed time spent in this place.
 B = Non-inter-level travel time spent in this place.
 C = Inter-level travel time spent in this place.
 D = Time resting spent in this place.
 E = Time spent auto-exploring this place.
 F = Levels seen in this place.
 G = Mean time per level.
                   A        B        C        D        E       F      G
               +--------+--------+--------+--------+--------+-----+--------+
         Total |    228 |    228 |      0 |     52 |     46 |   2 |  114.0 |
       Dungeon |    228 |    228 |      0 |     52 |     46 |   2 |  114.0 |
               +--------+--------+--------+--------+--------+-----+--------+

Top non-repeatable levels by time:
     D:4: 180 daAuts
     D:5: 48 daAuts
